 Dungeon Crawl Stone Soup version 0.19.5 (webtiles) character file.

787 tidbits the Ducker (level 7, -2/52 HPs)
             Began as a High Elf Wanderer on Oct 29, 2017.
             Splashed by a jelly's acid (3 damage)
             ... on level 5 of the Dungeon.
             The game lasted 00:17:06 (2036 turns).

tidbits the Ducker (High Elf Wanderer)              Turns: 2036, Time: 00:17:08

Health: -2/52      AC: 19    Str: 11    XL:     7   Next: 56%
Magic:  17/17      EV:  6    Int: 15    God:
Gold:   207        SH:  0    Dex: 18    Spells: 0 memorised, 6 levels left

rFire  . . .     SeeInvis .     c - +2 dagger (speed)
rCold  . . .     Gourm    .     j - +27 Lear's hauberk
rNeg   . . .     Faith    .     (no shield)
rPois  .         Spirit   .     (helmet currently unavailable)
rElec  .         Reflect  .     (no cloak)
rCorr  .         Harm     .     (gloves currently unavailable)
MR     .....                    (boots currently unavailable)
Stlth  ..........               (no amulet)
                                (no ring)
                                p - ring of magical power

@: corroded, very heavily drained
A: evolution 1
a: no special abilities


You were on level 5 of the Dungeon.
You were not hungry.

You visited 1 branch of the dungeon, and saw 5 of its levels.

You collected 207 gold pieces.

Inventory:

Hand Weapons
 a - a +1 dagger of venom
   (You took it off an orc on level 4 of the Dungeon)
 b - a +0 hunting sling
   (You found it on level 2 of the Dungeon)
 c - a +2 dagger of speed (weapon)
   (You took it off an orc on level 4 of the Dungeon)
 g - a +0 dagger
 n - a -2 falchion
   (You took it off an orc on level 5 of the Dungeon)
 u - a +4 flail of crushing
   (You took it off Blork the orc on level 5 of the Dungeon)
 v - a +0 morningstar
   (You took it off an orc on level 3 of the Dungeon)
 w - a +0 short sword
   (You took it off a kobold on level 1 of the Dungeon)
 C - a +1 flail of draining
   (You took it off Edmund on level 5 of the Dungeon)
Missiles
 h - 88 stones (quivered)
 q - 12 bolts
 t - 42 arrows
Armour
 j - the +27 Lear's hauberk (worn)
   (You found it on level 5 of the Dungeon)
 z - a +1 robe of the Archmagi
   (You took it off Blork the orc on level 5 of the Dungeon)
 B - a +2 scale mail
 F - a +0 pair of boots
   (You found it on level 1 of the Dungeon)
 G - a +2 pair of gloves
   (You found it on level 5 of the Dungeon)
Jewellery
 p - a ring of magical power (left hand)
   (You found it on level 3 of the Dungeon)
 y - an uncursed ring of ice
   (You found it on level 4 of the Dungeon)
Scrolls
 d - a scroll of remove curse
 i - a scroll of fog {unknown}
 l - a scroll of blinking {unknown}
 o - a scroll of enchant weapon {unknown}
 x - a scroll of teleportation {unknown}
Potions
 e - a potion of cancellation {unknown}
 k - 2 potions of curing
 s - a potion of mutation {!q}
Comestibles
 f - 2 bread rations
 m - 2 meat rations
 r - a beef jerky
 A - 3 fruits


   Skills:
 + Level 6.1(3.1) Fighting
   Level 3.0(0.2) Staves
 - Level 3.2(0.4) Armour
 + Level 6.2(3.1) Dodging
 - Level 2.1(0.0) Stealth


You had 6 spell levels left.
You didn't know any spells.

Dungeon Overview and Level Annotations

Branches:
Dungeon (5/15)
 Temple: D:4-7

Altars:
Elyvilon
Trog


Innate Abilities, Weirdness & Mutations

You evolve.


Message History

The iguana bites you but does no damage.
You hit the iguana but do no damage.
The iguana is moderately wounded.
The iguana closely misses you.
You hit the iguana but do no damage.
The iguana looks as sick as possible!
The iguana is heavily wounded.
The iguana bites you but does no damage.
You hit the iguana.
The iguana looks as sick as possible!
The iguana is severely wounded.
The iguana bites you but does no damage.
You hit the iguana.
The iguana is severely wounded.
The iguana bites you but does no damage.
You hit the iguana but do no damage.
The iguana looks as sick as possible!
The iguana is severely wounded.
The iguana bites you but does no damage.
You hit the iguana but do no damage.
The iguana looks as sick as possible!
The iguana is almost dead.
The iguana bites you but does no damage.
You hit the iguana but do no damage.
The iguana is almost dead.
The iguana bites you.
You closely miss the iguana.
The iguana is almost dead.
You kill the iguana!
You see here an iguana corpse.
You butcher the iguana corpse.
You see here 2 chunks of flesh.
Eat one of 2 chunks of flesh? (ye/n/q)
You start eating one of the 2 chunks of flesh.
This raw flesh tastes terrible.
The jelly quivers.
There is a stone staircase leading down here.
Wield which item (- for none, * to show all)? (? for menu, Esc to quit)
Your +1 dagger of venom stops dripping with poison.
Your hands tingle!
c - a +2 dagger of speed (weapon)
Your Lear's hauberk prevents you from hitting the jelly.
The jelly closely misses you.
You hit the jelly. The acid corrodes you!
Your hands burn!
The jelly is lightly wounded.
The jelly hits you. The acid corrodes you!
You are splashed with acid!
The acid burns!
Your Lear's hauberk prevents you from hitting the jelly.
The jelly is lightly wounded.
The jelly hits you but does no damage.
You completely miss the jelly.
The jelly is lightly wounded.
You hit the jelly.
Your hands burn!
The jelly is moderately wounded.
The jelly hits you but does no damage.
You hit the jelly but do no damage.
Your hands burn!
The jelly is moderately wounded.
You hit the jelly.
Your hands burn!
The jelly is heavily wounded.
The jelly hits you but does no damage.
You hit the jelly but do no damage.
Your hands burn!
The jelly is heavily wounded.
The jelly hits you but does no damage.
Your Lear's hauberk prevents you from hitting the jelly.
The jelly is heavily wounded.
The jelly barely misses you.
You hit the jelly but do no damage.
Your hands burn!
* * * LOW HITPOINT WARNING * * *
The jelly is heavily wounded.
You hit the jelly but do no damage.
Your hands burn!
* * * LOW HITPOINT WARNING * * *
The jelly is heavily wounded.
The jelly hits you but does no damage.
You hit the jelly.
Your hands burn!
* * * LOW HITPOINT WARNING * * *
The jelly is severely wounded.
The jelly hits you but does no damage.
You hit the jelly but do no damage.
Your hands burn!
* * * LOW HITPOINT WARNING * * *
The jelly is severely wounded.
You hit the jelly but do no damage.
Your hands burn!
* * * LOW HITPOINT WARNING * * *
The jelly is severely wounded.
The jelly completely misses you.
You hit the jelly but do no damage.
Your hands burn!
* * * LOW HITPOINT WARNING * * *
The jelly is severely wounded.
The jelly hits you but does no damage.
You hit the jelly.
Your hands burn!
* * * LOW HITPOINT WARNING * * *
The jelly is almost dead.
You hit the jelly but do no damage.
Your hands burn!
* * * LOW HITPOINT WARNING * * *
The jelly is almost dead.
The jelly barely misses you.
You hit the jelly but do no damage. The acid corrodes you!
Your hands burn!
* * * LOW HITPOINT WARNING * * *
The jelly is almost dead.
You hit the jelly but do no damage. The acid corrodes you!
Your hands burn!
* * * LOW HITPOINT WARNING * * *
The jelly is almost dead.
The jelly hits you but does no damage.
You hit the jelly but do no damage. The acid corrodes you!
Your hands burn!
You die...

## ### ## . #....#.. .#
#.##.#. ###.# #.#...
#...# #####....####.#
#...........#.### #.
#.....#.#...######
##.##.#.#>...........##
#......J@.........##..#
#...<...#.##......###%#
#.......#..#......#
#.##
#..........#......#
#..#
#.....###.##......#
##.# #.....#
#....###### #.##
####### #.#### #..# #.#
#######.# .........


You could see a jelly.

Vanquished Creatures
  Grinder (D:5)
  Edmund (D:5)
  Blork the orc (D:5)
  2 hounds (D:5)
  A centaur zombie (D:5)
  An orc priest (D:4)
  2 orc wizards (D:5)
  A centaur skeleton (D:4)
  An iguana (D:5)
  A worker ant (D:4)
  2 hound skeletons (D:4)
  2 adders (D:2)
  2 oozes
  An adder zombie (D:5)
  An adder skeleton (D:4)
  A leopard gecko (D:1)
  13 orcs
  5 giant cockroaches
  6 goblins
  5 hobgoblins
  6 jackals
  2 quokkas
  A bat (D:1)
  2 frilled lizards
  3 kobolds (D:1)
  A quokka skeleton (D:5)
65 creatures vanquished.

Notes
Turn   | Place    | Note
-------+----------+-------------------------------------------
     0 | D:1      | tidbits the High Elf Wanderer began the quest for the Orb.
     0 | D:1      | tidbits set off with: a +2 scale mail, a potion of curing, a potion of lignification, a +0 dagger, a bread ration
     0 | D:1      | Reached XP level 1. HP: 14/14 MP: 2/2
   213 | D:1      | Reached skill level 1 in Dodging
   213 | D:1      | Reached XP level 2. HP: 10/20 MP: 3/3
   487 | D:2      | Reached skill level 2 in Dodging
   509 | D:2      | Reached XP level 3. HP: 20/25 MP: 4/4
   598 | D:2      | Reached skill level 3 in Fighting
   951 | D:4      | Reached XP level 4. HP: 19/31 MP: 5/5
   995 | D:4      | Reached skill level 3 in Dodging
  1183 | D:4      | Found a bloodstained altar of Trog.
  1183 | D:4      | Found a white marble altar of Elyvilon.
  1222 | D:4      | Reached skill level 3 in Armour
  1252 | D:5      | Entered Level 5 of the Dungeon
  1429 | D:5      | Noticed Blork the orc
  1488 | D:4      | Reached XP level 5. HP: 37/37 MP: 6/6
  1550 | D:4      | Reached skill level 4 in Fighting
  1624 | D:5      | Noticed Grinder
  1639 | D:5      | Reached skill level 4 in Dodging
  1643 | D:5      | Reached XP level 6. HP: 44/44 MP: 7/7
  1646 | D:5      | Paralysed by Grinder for 6 turns
  1691 | D:5      | Paralysed by Grinder for 4 turns
  1709 | D:5      | Killed Grinder
  1709 | D:5      | Reached skill level 5 in Fighting
  1709 | D:5      | Reached skill level 5 in Dodging
  1713 | D:5      | Gained mutation: You evolve. [potion of beneficial mutation]
  1810 | D:5      | Reached XP level 7. HP: 40/50 MP: 8/8
  1838 | D:5      | Killed Blork the orc
  1858 | D:5      | Noticed Edmund
  1885 | D:5      | Killed Edmund
  1885 | D:5      | Reached skill level 6 in Dodging
  1896 | D:5      | Reached skill level 6 in Fighting
  2034 | D:5      | HP: 5/52 [acid (4)]
  2035 | D:5      | HP: 1/52 [acid (4)]
  2036 | D:5      | Splashed by a jelly's acid

Skill      XL: |  1  2  3  4  5  6  7 |
---------------+----------------------+-----
Dodging        | 1 2 3 4 5 6 |  6.2
Fighting       | 3 4 5 6 |  6.1
Armour         | 3 |  3.2
Staves         | |  3.0
Stealth        | |  2.1

Action                   |  1- 3 |  4- 6 |  7- 9 || total
-------------------------+-------+-------+-------++-------
Melee: Dagger            |    44 |    89 |   101 ||   234
       Short sword       |   153 |    55 |       ||   208
       Unarmed           |       |     7 |       ||     7
 Fire: Hunting sling     |    19 |    13 |       ||    32
Throw: Throwing net      |       |     4 |       ||     4
  Use: Potion            |       |     5 |       ||     5
       Scroll            |       |     4 |     1 ||     5
 Stab: Held in net/web   |       |     2 |       ||     2
  Eat: Chunk             |       |     4 |     1 ||     5
Armor: Scale mail        |    91 |    55 |       ||   146
       Skin              |       |     3 |       ||     3
       Chain mail        |       |     9 |    68 ||    77
Dodge: Dodged            |    95 |    59 |    19 ||   173

Table legend:
 A = Turns spent in this place as a percentage of turns spent in the entire game.
 B = Non-inter-level travel turns spent in this place as a percentage of non-inter-level travel turns spent in the entire game.
 C = Inter-level travel turns spent in this place as a percentage of turns spent in this place.
 D = Turns resting spent in this place as a percentage of non-inter-level travel turns spent in this place.
 E = Turns spent auto-exploring this place as a percentage of non-inter-level travel turns spent in this place.
 F = Non-inter-level travel turns spent in this place divided by the number of levels of this place that you've seen.
                   A       B       C       D       E      F
               +-------+-------+-------+-------+-------+----------------------
         Total | 100.0 | 100.0 |   0.0 |   0.0 |   0.0 | 400.4
       Dungeon | 100.0 | 100.0 |   0.0 |   0.0 |   0.0 | 400.4
               +-------+-------+-------+-------+-------+----------------------

Table legend:
 A = Kills in this place as a percentage of kills in entire the game.
 B = Kills by you in this place as a percentage of kills by you in the entire game.
 C = Kills by friends in this place as a percentage of kills by friends in the entire game.
 D = Other kills in this place as a percentage of other kills in the entire game.
 E = Experience gained in this place as a percentage of experience gained in the entire game.
 F = Experience gained in this place divided by the number of levels of this place that you have seen.
                   A       B       C       D       E      F
               +-------+-------+-------+-------+-------+----------------------
         Total | 100.0 | 100.0 |  -nan |  -nan | 100.0 | 225.0
       Dungeon | 100.0 | 100.0 |  -nan |  -nan | 100.0 | 225.0
               +-------+-------+-------+-------+-------+----------------------

Vault maps used:
D:1:      lightli_arrival_statuegarden, moated_statue, corner_web_ring,
          minmay_misc_feat_five, minmay_misc_feat_doors
D:2:      st_stairs_7
D:3:      first_bread
D:4:      gammafunk_temple_overflow_wave, hangedman_decor_slide_cut
D:5:      uniq_edmund, uniq_grinder, uniq_sigmund, uniq_blork_the_orc
